 Dungeon Crawl Stone Soup version 0.31.0-11-ge490571c62 (console) character file.

Game seed: 8397599645769809847

193 jejorda2 the Ruffian (level 5, -2/45 HPs)
             Began as a Draconian Berserker on Jan 30, 2024.
             Was a Priest of Trog.
             Slain by an iron imp (7 damage)
             ... summoned by Eustachio
             ... on level 4 of the Dungeon.
             The game lasted 00:09:04 (2390 turns).

jejorda2 the Ruffian (Draconian Berserker)          Turns: 2390, Time: 00:09:06

Health: -2/45      AC:  6    Str: 21      XL:     5   Next: 43%
Magic:  5/5        EV: 12    Int:  8      God:    Trog [***...]
Gold:   217        SH:  0    Dex: 13 (16) Spells: 4/4 levels left

rFire   . .          .
                       - Unarmed
rCold   . . .        (no shield)
rNeg    . . .        (body armour unavailable)
rPois   .            (helmet restricted)
rElec   .            (no cloak)
rCorr   .            i - +0 pair of gloves
SInv    .            (no boots)
Will    .....        (no amulet)
Stlth   +            l - ring of flight
HPRegen 0.27/turn    p - +6 ring of dexterity
MPRegen 0.09/turn

%: no passive effects
@: on berserk cooldown, flying, slowed, very slow
A: AC +5, unfitting armour, cold-blooded
a: Renounce Religion, Berserk, Trog's Hand


You were on level 4 of the Dungeon.
You worshipped Trog.
Trog was most pleased with you.
You visited 1 branch of the dungeon, and saw 4 of its levels.

You collected 217 gold pieces.

Inventory:

Missiles
 k - 2 curare-tipped darts (quivered)
 s - 3 boomerangs
 t - 6 poisoned darts
Armour
 i - a +0 pair of gloves (worn)
Jewellery
 e - a ring of fire
 l - a ring of flight (left hand)
 p - a +6 ring of dexterity (right hand)
Scrolls
 b - a scroll of torment {unknown}
 c - 3 scrolls of identify {unknown}
 h - a scroll of enchant weapon {unknown}
 j - a scroll of immolation {unknown}
 m - 2 scrolls of teleportation {unknown}
 n - a scroll of poison {unknown}
 o - a scroll of noise {unknown}
 q - a scroll of enchant armour {unknown}
 r - 2 scrolls of amnesia {unknown}
Potions
 a - 5 potions of curing {unknown}
 d - 2 potions of mutation {unknown}
 f - 2 potions of ambrosia {unknown}
 g - a potion of enlightenment {unknown}


   Skills:
 - Level 3.2 Fighting
 - Level 2.6 Dodging
 + Level 4.3 Unarmed Combat
 * Level 3.8 Shapeshifting


You had 4 spell levels left.
You didn't know any spells.
Your spell library was empty.

Dungeon Overview and Level Annotations

Branches:
Dungeon (4/15)
 Temple: D:4-7

Altars:
Trog
Zin

Shops:
D:2 *   D:3 [

Annotations:
D:4 Eustachio


Innate Abilities, Weirdness & Mutations

Your plain brown scales are hard. (AC +5)
You cannot fit into any form of body armour.
You are cold-blooded and may be slowed by cold attacks.


Message History

Eustachio blinks!
The crimson imp blinks!
You feel a strong urge to attack something.
Eustachio mumbles some strange words.
You feel your anger nearly subside.
You are no longer berserk.
You are exhausted.
You feel yourself slow down. The ufetubus completely misses you.
The ufetubus misses you.
You barely miss Eustachio. The bat hits you but does no damage.
Eustachio closely misses you. The ufetubus barely misses you.
The ufetubus hits you but does no damage.
The iron imp barely misses you.
The crimson imp blinks!
Eustachio hits you with a +0 rapier!
You hit Eustachio but do no damage. The bat hits you but does no damage.
The ufetubus hits you.
The ufetubus hits you but does no damage.
The ufetubus hits you. The ufetubus misses you.
The crimson imp blinks!
The iron imp hits you.
Eustachio gestures wildly while chanting.
Eustachio blinks!
The ufetubus hits you but does no damage. x2
The bat hits you but does no damage. The bat closely misses you.
The iron imp hits you. The ufetubus slips past you! The ufetubus hits you.
* * * LOW HITPOINT WARNING * * *
The ufetubus hits you.
* * * LOW HITPOINT WARNING * * *
Eustachio hits you but does no damage. The bat closely misses you.
The ufetubus misses you. The ufetubus closely misses you.
The iron imp hits you.
* * * LOW HITPOINT WARNING * * *
The ufetubus hits you but does no damage.
The ufetubus closely misses you. The iron imp puffs mist at you.
The iron imp barely misses you.
The crimson imp blinks!
The bat attacks as it pursues you! The bat misses you.
The bat barely misses you. The ufetubus barely misses you. x2
The bat closely misses you.
Eustachio mumbles some strange words.
The ufetubus hits you but does no damage. x2
The crimson imp blinks!
The iron imp hits you!
You die...

## ###+## .# #....# .#
#..<.# .. # +....# # ..
#.. #'#####§### .# ..
... ##...###@###..# .
...#......5b5....# .
..#.....r§@.5...# #...
#.####'##r.r.:..#
#....##.####.##.#######
.#...............#
..##.............#
.....###..##..#..# ##
##)†########


You could see Eustachio, an iron imp (summoned), a crimson imp (summoned), an
ufetubus (summoned), 2 quokkas, a bat (summoned) and a rat (summoned).

Vanquished Creatures
  A hound (D:4)
  A bombardier beetle (D:3)
  An iguana (D:4)
  An adder (D:3)
  3 dart slugs
  2 ribbon worms (D:3)
  3 orcs
  8 bats
  7 endoplasms
  4 giant cockroaches
  10 goblins
  5 hobgoblins
  4 jackals (D:3)
  2 quokkas
  4 ball pythons
  5 frilled lizards
  10 kobolds
  10 rats
81 creatures vanquished.

Notes
Turn   | Place    | Note
-------+----------+-------------------------------------------
     0 | D:1      | jejorda2 the Draconian Berserker began the quest for the
                  | Orb.
     0 | D:1      | Reached XP level 1. HP: 19/19 MP: 1/1
    46 | D:1      | Reached skill level 1 in Shapeshifting
    79 | D:1      | Reached XP level 2. HP: 26/26 MP: 2/2
    80 | D:1      | Found a faded altar of an unknown god.
   302 | D:1      | Reached ** piety under Trog
   368 | D:1      | Reached XP level 3. HP: 31/31 MP: 3/3
   595 | D:2      | Found Iphamuly's Assorted Antiques.
  1051 | D:2      | Found a bloodstained altar of Trog.
  1281 | D:3      | Reached XP level 4. HP: 29/38 MP: 4/4
  1656 | D:3      | Reached skill level 4 in Unarmed Combat
  1774 | D:3      | Found Peidd's Armour Shop.
  1832 | D:3      | Found a glowing silver altar of Zin.
  2123 | D:4      | Reached XP level 5. HP: 36/45 MP: 5/5
  2193 | D:4      | Reached *** piety under Trog
  2361 | D:4      | Noticed Eustachio
  2390 | D:4      | Slain by an iron imp

Illustrated notes

Levels and vault maps discovered:
D:1:      lordsloth_arrival_two_stooges, layout_rooms,
          shapermc_ecumenical_altar_starsandcircs, minmay_tromino_v4_b
D:2:      layout_basic, serial_shops, shop, basic_altar, hex_large
D:3:      layout_basic, mainiacjoe_overflow_alcove_2, serial_shops, shop
D:4:      layout_gridville, minmay_misc_feat_chi, uniq_eustachio

Skill      XL: |  1  2  3  4 |
---------------+-------------+-----
Shapeshifting  | 1 2 3 |  3.8
Unarmed Combat | 4 |  4.3
Fighting       | |  3.2
Dodging        | |  2.6

Action                     |  1- 3 |  4- 6 || total
---------------------------+-------+-------++-------
  Melee: Unarmed           |   160 |    99 ||   259
         Tailslap          |    16 |     9 ||    25
         Punch             |     2 |     4 ||     6
 Invoke: Berserk           |       |     2 ||     2
   Stab: Sleeping          |     1 |     3 ||     4
 Armour: Skin              |    84 |    80 ||   164
  Dodge: Dodged            |    98 |   104 ||   202
